 Dungeon Crawl Stone Soup version 0.27.1-34-g3ba077fa99 (webtiles) character file.

Game seed: 6302174880716555735

165 comborobin the Chopper (level 5, -5/45 HPs)
             Began as a Hill Orc Delver on Jan 6, 2022.
             Slain by a sky beast (6 damage)
             ... on level 7 of the Dungeon.
             The game lasted 00:01:51 (1256 turns).

comborobin the Chopper (Hill Orc Delver)            Turns: 1256, Time: 00:01:52

Health: -5/45      AC:  3    Str: 16    XL:     5   Next: 46%
Magic:  5/5        EV: 11    Int: 10    God:
Gold:   11         SH:  0    Dex: 12    Spells: 4/4 levels left

rFire    . . .     SeeInvis .   a - +0 hand axe
rCold    . . .     Faith    .   (no shield)
rNeg     . . .     Spirit   .   b - +0 leather armour
rPois    .         Reflect  .   (no helmet)
rElec    .         Harm     .   (no cloak)
rCorr    .         Rampage  .   (no gloves)
Will     .....                  (no boots)
Stlth    ++........             (no amulet)
HPRegen  0.15/turn              (no ring)
MPRegen  0.09/turn              (no ring)

@: no status effects
A: no striking features
a: no special abilities


You were on level 7 of the Dungeon.
You visited 1 branch of the dungeon, and saw 4 of its levels.

You collected 11 gold pieces.

Inventory:

Hand Weapons
 a - a +0 hand axe (weapon)
Armour
 b - a +0 leather armour (worn)
Wands
 d - a wand of polymorph (11)
 g - a wand of digging (3)
Scrolls
 c - a scroll of fog
 e - a scroll of fear
 f - a scroll of teleportation {unknown}


   Skills:
 - Level 3.6 Fighting
 + Level 7.3 Axes
 - Level 1.5 Dodging
 - Level 4.1 Stealth


You had 4 spell levels left.
You didn't know any spells.
Your spell library was empty.

Dungeon Overview and Level Annotations

Branches:
Dungeon (8/15)
 Temple: D:4-7         Lair: D:8-11

Altars:

Shops:
D:6 =*

Annotations:
D:6 Blork the orc


Message History

You miss something. Something hits you. Something shocks you.
No target in view!
You miss something. Something hits you but does no damage.
No target in view!
You closely miss something. Something hits you but does no damage.
You closely miss something. Something hits you. Something shocks you.
You hit something. Something completely misses you.
A sky beast appears from thin air!
Reactivating autopickup.
The sky beast hits you. The sky beast shocks you.
You are too injured to fight recklessly!
You hit the sky beast but do no damage.
The sky beast is moderately wounded.
The sky beast misses you.
You barely miss the sky beast.
The sky beast is moderately wounded.
The sky beast barely misses you.
You are too injured to fight recklessly!
You are too injured to fight recklessly!
You barely miss the sky beast.
The sky beast is moderately wounded.
The sky beast hits you but does no damage.
You slash the sky beast!
The sky beast is severely wounded.
The sky beast hits you. The sky beast shocks you.
You hit the sky beast.
The sky beast is almost dead.
The sky beast barely misses you.
You hit the sky beast.
The sky beast is almost dead.
The sky beast hits you.
* * * LOW HITPOINT WARNING * * *
The sky beast shocks you.
* * * LOW HITPOINT WARNING * * *
You completely miss the sky beast.
The sky beast is almost dead.
The sky beast hits you.
* * * LOW HITPOINT WARNING * * *
The sky beast shocks you.
You die...

#.#.# #.#.###
#.....# #..#..#
#.....# #.###.#
#.# #.# #Y# #.#
#@###.##
#.##...##### ##
#....#.....######.
####...###.##.....
##..........>..
##############


You could see a sky beast.

Vanquished Creatures
  A black bear (D:6)
  A centaur zombie (D:5)
  An orc wizard (D:7)
  A shadow imp (D:6)
  An ufetubus (D:6)
  An orc (D:7)
6 creatures vanquished.

Notes
Turn   | Place    | Note
-------+----------+-------------------------------------------
     0 | D:5      | comborobin the Hill Orc Delver began the quest for the Orb.
     0 | D:5      | Reached XP level 1. HP: 19/19 MP: 1/1
    27 | D:6      | Noticed a black bear
    44 | D:6      | Killed a black bear
    45 | D:6      | Reached skill level 6 in Axes
    45 | D:6      | Reached XP level 2. HP: 15/26 MP: 2/2
    45 | D:6      | Reached XP level 3. HP: 18/31 MP: 3/3
    45 | D:6      | Reached XP level 4. HP: 23/39 MP: 4/4
   234 | D:6      | Found Uxoidghil's General Store.
   259 | D:6      | Noticed Blork the orc
   393 | D:5      | Reached XP level 5. HP: 27/45 MP: 5/5
   516 | D:5      | Noticed a centaur
   526 | D:6      | Reached skill level 7 in Axes
   555 | D:6      | Found Zimoik's Jewellery Shoppe.
   572 | D:6      | Noticed a phantom
   905 | D:7      | Noticed a sky beast
  1256 | D:7      | HP: 1/45 [sky beast (4)]
  1256 | D:7      | Slain by a sky beast

Illustrated notes

Levels and vault maps discovered:
D:5:      layout_rooms, old_standard_altar
D:6:      layout_basic, serial_shops, shop, shop_statue,
          nicolae_inconvenience_store, kennysheep_mini_moat,
          nicolae_shop_crystal, uniq_blork_the_orc, uniq_duvessa,
          uniq_crazy_yiuf_cottage
D:7:      layout_loops_ring, grunt_temple_overflow_order_and_chaos_1,
          minmay_temple_entry_proselytizer
D:8:      layout_basic, uniq_psyche, uniq_gastronok

Skill      XL: |  1  2  3  4  5 |
---------------+----------------+-----
Axes           | 6 7 |  7.3
Fighting       | |  3.6
Dodging        | |  1.5
Stealth        | |  4.1

Action                   |  1- 3 |  4- 6 || total
-------------------------+-------+-------++-------
Melee: Unarmed           |     8 |     1 ||     9
       Hand axe          |       |    58 ||    58
Evoke: Wand              |     1 |     2 ||     3
  Use: Scroll            |     1 |       ||     1
       Potion            |     1 |       ||     1
 Stab: Confused          |     1 |       ||     1
Armor: Skin              |     4 |       ||     4
       Leather armour    |       |    24 ||    24
Dodge: Dodged            |     9 |    42 ||    51
